 Dungeon Crawl Stone Soup version 0.27.1-33-g824d729ab1 (console) character file.

Game seed: 4964507700550544014

132 Banquo the Chopper (level 5, -8/40 HPs)
             Began as a Djinni Berserker on Dec 16, 2021.
             Was a Believer of Trog.
             Killed from afar by Natasha (10 damage)
             ... with a magic dart
             ... on level 2 of the Dungeon.
             The game lasted 00:04:30 (1951 turns).

Banquo the Chopper (Djinni Berserker)               Turns: 1951, Time: 00:04:32

Health: -8/40      AC:  2    Str: 17    XL:     5   Next: 38%
Gold:   39         EV: 12    Int:  8    God:    Trog [**....] SH:  0 Dex: 13

rFire    + + .     SeeInvis .   a - +0 hand axe
rCold    x . .     Faith    .   (no shield)
rNeg     . . .     Spirit   .   b - +0 animal skin
rPois    ∞         Reflect  .   (no helmet)
rElec    .         Harm     .   (no cloak)
rCorr    .         Rampage  .   (no gloves)
Will     .....                  (boots unavailable)
Stlth    +.........             (no amulet)
HPRegen  0.13/turn              (no ring)
MPRegen  0.00/turn              (no ring)

@: on berserk cooldown, flying, slowed, very slow
A: sickness immunity, fire resistance 2, cold vulnerability 1, float, innate
caster, hp casting, extra vitality 1
a: Renounce Religion, Berserk, Trog's Hand


You were on level 2 of the Dungeon.
You worshipped Trog.
Trog was pleased with you.
You visited 1 branch of the dungeon, and saw 2 of its levels.

You collected 39 gold pieces.

Inventory:

Hand Weapons
 a - a +0 hand axe (weapon)
 i - a +0 hunting sling
Missiles
 j - 34 stones (quivered)
Armour
 b - a +0 animal skin (worn)
 g - a +0 scale mail
Jewellery
 d - a +6 ring of dexterity
Scrolls
 c - a scroll of enchant armour {unknown}
 e - 2 scrolls of amnesia {unknown}
 f - 2 scrolls of identify {unknown}
 k - a scroll of immolation {unknown}
 l - a scroll of blinking {unknown}
Potions
 h - a potion of curing {unknown}


   Skills:
 - Level 3.0 Fighting
 + Level 4.7 Axes
 - Level 2.0 Armour
 - Level 2.1 Dodging


You had one spell level left.
You knew the following spells:

 Your Spells              Type           Power      Damage    Failure   Level
a - Shock                 Conj/Air       0%         1d3       41%         1
b - Slow                  Hex            0%         N/A       54%         2
Your spell library was empty.

Dungeon Overview and Level Annotations

Branches:
Dungeon (2/15)

Altars:

Annotations:
D:2 Natasha


Innate Abilities, Weirdness & Mutations

You are immune to sickness and miasma.
You are immune to poison.
Your flesh is very heat resistant. (rF++)
You are vulnerable to cold. (rC-)
You float through the air rather than walking.
You learn spells naturally, not from books.
Your magical power is your life essence.
You have superior vitality. (+4 HP)


Message History

Trog accepts your kill.
You see here a +0 club.
You see here the felid corpse of Natasha.
Natasha, Servant of Life and Death comes into view.
Items here: ) [[ †.
Natasha casts a spell.
Natasha mumbles some strange words.
The shadow imp barely misses you. Natasha claws you.
Items here: ) [[ †.
You closely miss Natasha.
You hit the shadow imp but do no damage.
The shadow imp closely misses you. Natasha casts a spell at you.
The magic dart hits you. The shadow imp hits you.
You barely miss Natasha. You barely miss the shadow imp.
Natasha barely misses you. The shadow imp closely misses you.
Natasha closely misses you.
You barely miss Natasha. You closely miss the shadow imp.
The shadow imp gestures at you.
You struggle to resist.
Natasha claws you!
* * * LOW HITPOINT WARNING * * *
The shadow imp gestures at you. Pain shoots through your body!
* * * LOW HITPOINT WARNING * * *
Natasha claws you.
* * * LOW HITPOINT WARNING * * *
You hit Natasha.
Natasha is moderately wounded.
You hit the shadow imp. The shadow imp hits you.
* * * LOW HITPOINT WARNING * * *
Natasha wildly gestures.
You feel troubled. Natasha closely misses you.
The shadow imp closely misses you.
You closely miss Natasha.
Natasha is moderately wounded.
You hit the shadow imp. Natasha closely misses you.
The shadow imp closely misses you. Natasha casts a spell at you.
The magic dart hits you!
You die...

## #.# ..# #.# ### #.#
...#.# #.#.###########
#.............######
...########@#######.#.......
.......)†.h5#### #.#.######
...####..#.5...# #.#)......
##.#.###.####)#..#.###
#####...###....).#......#
#........##.######....#.#
#........>..# #.....<.
#.........### #..####.
#######...# #.......


You could see Natasha, a white imp (summoned) and a shadow imp (summoned).

Vanquished Creatures
  A centaur skeleton (D:2)
  Natasha (twice) (D:2)
  Robin (D:2)
  2 dart slugs
  A ball python (D:1)
  4 endoplasms (D:1)
  4 giant cockroaches
  13 goblins
  6 hobgoblins
  A kobold (D:1)
  A bat (D:1)
  A frilled lizard (D:2)
  A spectral goblin (D:1)
38 creatures vanquished.

Notes
Turn   | Place    | Note
-------+----------+-------------------------------------------
     0 | D:1      | Banquo the Djinni Berserker began the quest for the Orb.
     0 | D:1      | Reached XP level 1. HP: 20/20 MP: 0/0
   252 | D:1      | Reached XP level 2. HP: 16/25 MP: 0/0
   415 | D:1      | Reached skill level 3 in Axes
   855 | D:1      | Found a faded altar of an unknown god.
   882 | D:1      | Reached XP level 3. HP: 30/30 MP: 0/0
   882 | D:1      | Learned a level 1 spell: Shock
  1292 | D:2      | Noticed Robin
  1597 | D:2      | Noticed Natasha
  1606 | D:2      | Killed Natasha
  1606 | D:2      | Reached ** piety under Trog
  1607 | D:2      | Reached skill level 4 in Axes
  1607 | D:2      | Reached XP level 4. HP: 35/35 MP: 0/0
  1928 | D:2      | Killed Robin
  1929 | D:2      | Noticed Natasha
  1934 | D:2      | Killed Natasha
  1935 | D:2      | Reached XP level 5. HP: 40/40 MP: 0/0
  1935 | D:2      | Learned a level 2 spell: Slow
  1940 | D:2      | Noticed Natasha
  1950 | D:2      | HP: 2/40 [shadow imp[Natasha] (2)]
  1951 | D:2      | Killed from afar by Natasha

Illustrated notes

Levels and vault maps discovered:
D:1:      dpeg_arrival_renting, layout_basic,
          dreamdust_ecumenical_altar_drowned_temple
D:2:      layout_basic, uniq_natasha, uniq_robin

Skill      XL: |  1  2  3 |
---------------+----------+-----
Axes           | 3 4 |  4.7
Fighting       | |  3.0
Armour         | |  2.0
Dodging        | |  2.1

Action                   |  1- 3 |  4- 6 || total
-------------------------+-------+-------++-------
Melee: Hand axe          |    73 |    15 ||    88
Invok: Berserk           |     3 |     1 ||     4
  Use: Potion            |     1 |       ||     1
Armor: Animal skin       |    10 |     2 ||    12
Dodge: Dodged            |    44 |    13 ||    57
